 Dungeon Sprint DCSS version 0.13.2 (webtiles) character file.

800000 sanboga the Black Belt (level 11, -23/89 HPs)
             Began as a Demonspawn Monk on Dec 8, 2017.
             Was a Believer of Makhleb.
             Annihilated by a meat berserker
             ... wielding a +9,+9 battleaxe
              (53 damage)
             ... in the Dungeon (Sprint VIII: "Arena of Blood").
             The game lasted 00:00:31 (8 turns).

sanboga the Black Belt (Demonspawn Monk)               Turns: 8, Time: 00:00:31

HP -23/89        AC  5     Str 13      XL: 11   Next: 37%
MP  10/10        EV 21     Int 11      God: Makhleb [**....]
Gold 0           SH  0     Dex 18      Spells:  0 memorised, 10 levels left

Res.Fire  : . . .   See Invis. : .   i - +∞ Axe of Woe
Res.Cold  : . . .   Warding    : .   a - +0 robe
Life Prot.: . . .   Conserve   : .   (no shield)
Res.Poison: .       Res.Corr.  : .   (no helmet)
Res.Elec. : .       Clarity    : .   (no cloak)
Sust.Abil.: . .     Spirit.Shd : .   (no gloves)
Res.Mut.  : .       Prev.Telep.: +   (no boots)
Res.Rott. : .       Flight     : .   (no amulet)
Saprovore : + . .                    (no ring)
                                     (no ring)

@: somewhat resistant to hostile enchantments, stealthy
A: hooves 2, saprovore 1, AC +3, EV -1
a: Minor Destruction, Renounce Religion


You were in the Dungeon.
You worshipped Makhleb.
Makhleb was pleased with you.
You were not hungry.

You visited 1 branch

Inventory:

Hand weapons
 i - the +∞,+∞ Axe of Woe (weapon)
   (You found it in the Dungeon)
Armour
 a - a +0 robe (worn)
Comestibles
 b - a bread ration
Scrolls
 h - a scroll of blinking
Potions
 c - a potion of curing
 d - a potion of heal wounds
 e - a potion of speed
 f - 2 potions of magic
 g - a potion of berserk rage


   Skills:
 + Level 13.2 Fighting
 + Level 12.2 Dodging
 + Level 5.3 Stealth
 + Level 18.4 Unarmed Combat


You had 10 spell levels left.
You didn't know any spells.

Dungeon Overview and Level Annotations

Branches:
Dungeon (1/1)

Altars:
Makhleb


Innate Abilities, Weirdness & Mutations

You have hoof-like feet.
You are mostly covered in molten scales (AC +3, EV -1).
You can tolerate rotten meat.


Message History

Your feet thicken and deform.
You have reached level 8!
Your demonic ancestry asserts itself...
Molten scales spread over more of your body.
You feel agile.
You have reached level 9!
Your experience leads to an increase in your attributes!
Increase (S)trength, (I)ntelligence, or (D)exterity?
You feel stronger.
You have reached level 10!
You have reached level 11!
Your demonic ancestry asserts itself...
You hunger for rotting flesh.
You hear a shout!
The meat berserker hits you with a +9,+9 battleaxe!
Ouch! That really hurt!
You hear a shout!
The meat berserker hits you with a +9,+9 battleaxe!
Ouch! That really hurt!
You die...

... .........
.........
..........
.....o....
#...ooo.# .
#.....o.#
....###.O.o...###.
.......)@###.......
.#........_........
.......#.....#.....
....oo#_.<._# .
..... #...O.#
#........_.....
.......###......
.###... o.###. #...
..#


You could see 2 meat berserkers and 9 bags of meat.

Vanquished Creatures
  An orc (D)
1 creature vanquished.

Notes
Turn   | Place    | Note
--------------------------------------------------------------
     0 | D        | sanboga, the Demonspawn Monk, began the quest for the Orb.
     0 | D        | Reached XP level 1. HP: 16/16 MP: 0/0
     3 | D        | Noticed a bag of meat
     4 | D        | Became a worshipper of Makhleb the Destroyer
     4 | D        | Acquired Makhleb's first power
     4 | D        | Acquired Makhleb's second power
     5 | D        | Noticed a bag of meat
     6 | D        | Noticed a bag of meat
     6 | D        | Noticed a bag of meat
     6 | D        | Noticed a meat berserker
     6 | D        | Noticed a bag of meat
     7 | D        | Noticed a bag of meat
     7 | D        | Noticed a bag of meat
     7 | D        | Noticed a bag of meat
     7 | D        | Noticed a bag of meat
     8 | D        | Noticed a meat berserker
     8 | D        | Killed a bag of meat
     8 | D        | Reached skill level 13 in Fighting
     8 | D        | Reached skill level 5 in Stealth
     8 | D        | Reached skill level 18 in Unarmed Combat
     8 | D        | Gained mutation: You have large cloven feet. [demonic ancestry]
     8 | D        | Reached XP level 2. HP: 23/25 MP: 1/1
     8 | D        | Reached XP level 3. HP: 28/31 MP: 2/2
     8 | D        | Reached XP level 4. HP: 35/39 MP: 3/3
     8 | D        | Gained mutation: You are partially covered in molten scales (AC +1). [demonic ancestry]
     8 | D        | Reached XP level 5. HP: 41/46 MP: 4/4
     8 | D        | Reached XP level 6. HP: 47/53 MP: 5/5
     8 | D        | Gained mutation: You have hoof-like feet. [demonic ancestry]
     8 | D        | Reached XP level 7. HP: 53/60 MP: 6/6
     8 | D        | Gained mutation: You are mostly covered in molten scales (AC +3, EV -1). [demonic ancestry]
     8 | D        | Reached XP level 8. HP: 60/68 MP: 7/7
     8 | D        | Reached XP level 9. HP: 65/74 MP: 8/8
     8 | D        | Reached XP level 10. HP: 72/82 MP: 9/9
     8 | D        | Gained mutation: You can tolerate rotten meat. [demonic ancestry]
     8 | D        | Reached XP level 11. HP: 78/89 MP: 10/10
     8 | D        | Annihilated by a meat berserker

Action                   |  1- 3 |  4- 6 |  7- 9 | 10-12 || total
-------------------------+-------+-------+-------+-------++-------
Melee: Executioner's axe |     1 |       |       |       ||     1
